cohdb
Replays
Latest Replays
All Replays
Popular Replays
Top Player Replays
Match Explorer
How It Works
Community
CoH3 Stats
Reddit
Sign in to upload your games and track your stats! →
Sign in with Steam
Match 44097799
Unlisted
Match 44097799
Overview
Messages
Build Orders
End
Pioneer Squad
Construct Infanterie Kompanie
Selects Mechanized Battlegroup
Grenadier Squad
MG 42 Machine Gun Team
Construct Luftwaffe Kompanie
Jäger Squad
221 Scout Car
Selects Mobile Repair Stations
Jäger Squad
Jäger Squad
Selects Raid Package
Medical Bunker
Construct Panzer Kompanie
Panzer Officer Quarters
Selects StuG Assault Group
Selects UNKNOWN (2160084)
Stoßtruppen Squad
Stoßtruppen Squad
Panther Heavy Tank
Selects Wespe Self-propelled Artillery
Selects Mechanized Assault
Wespe Self-propelled Artillery
Panther Heavy Tank
Stoßtruppen Squad
Stoßtruppen Squad
Stoßtruppen Squad
Panther Heavy Tank
Booyaka
DrewP
0
0
Comments
sign in to comment!
No comments posted yet!